Staline vs Gangsters
Created - December 27, 2018 at 19:12
Goals
|
| Staline |
1 |
1 |
0 |
2 |
| Gangsters |
3 |
0 |
2 |
5 |
|
Shots
|
| Staline |
15 |
10 |
9 |
34 |
| Gangsters |
16 |
7 |
14 |
37 |
|
1st period
1. Gangsters , Maxime Sauvé 20 (Phillip Danault 7, Alexander Wennberg 19) at 15:28
2. Gangsters , Maxime Sauvé 21 (Dave Dziurzynski 23) at 15:34 (PP)
3. Gangsters , Stefan Noesen 11 (Tomas Hertl 21, Patrik Nemeth 12) at 19:00
4. Staline , Jason Akeson 21 (Lars Eller 30) at 19:16
Penalties :
Cameron Gaunce (StJ) for Interference (Minor) at 15:31
2nd period
5. Staline , Jason Akeson 22 (Nick Spaling 19) at 3:50
Penalties :
Mike Reilly (StJ) for Holding (Minor) at 18:36
3rd period
6. Gangsters , Maxime Sauvé 22 (Dave Dziurzynski 24, Matt Delahey 13) at 0:47
7. Gangsters , Stefan Noesen 12 (Tomas Hertl 22) at 3:55
Penalties :
Phillip Danault (Bro) for Hooking (Minor) at 4:57, Corey Trivino (StJ) for Hooking (Minor) at 9:46
Goalie Stats
Andrew Hammond (StJ), 32 saves from 37 shots - (0.865), L, 7-6-3, 60:00 minutes
Dustin Tokarski (Bro), 32 saves from 34 shots - (0.941), W, 11-12-1, 60:00 minutes
Players Stats for Staline
Player Name G A P +/- PIM S H SB GA TA FO MP PP MP PK MP
------------------------------------------------------------------------------------
Alex Petrovic 0 0 0 0 0 0 4 4 0 0 0/0 26:41 1:14 2:37
Andrey Pedan 0 0 0 -1 0 0 3 1 0 0 0/0 14:38 0:00 0:00
Barclay Goodrow 0 0 0 0 0 0 1 0 0 0 0/0 8:31 0:00 0:00
Bryan Bickell 0 0 0 -3 0 2 4 0 0 0 0/1 16:28 0:54 0:59
Cameron Gaunce 0 0 0 0 2 0 3 0 1 1 0/0 26:37 1:14 2:34
Corey Trivino 0 0 0 -4 2 1 0 0 0 1 7/20 16:48 0:54 1:26
Jason Akeson 2 0 2 2 0 5 0 0 0 0 0/0 19:14 1:05 0:17
Jiri Sekac 0 0 0 0 0 0 2 0 0 0 0/0 13:08 0:00 0:00
Jordan Szwarz 0 0 0 -3 0 4 3 0 0 0 0/0 14:55 0:54 0:00
Lars Eller 0 1 1 2 0 5 2 0 1 1 18/31 19:14 1:05 0:17
Marek Zagrapan 0 0 0 0 0 4 0 0 0 0 3/5 14:18 0:06 0:42
Mike Reilly 0 0 0 -2 2 0 0 0 0 0 0/0 16:42 0:45 0:39
Nick Spaling 0 1 1 1 0 2 4 1 1 1 1/1 21:48 0:59 2:45
Peter Holland 0 0 0 0 0 1 0 0 0 0 2/5 10:07 0:00 1:36
Philip Larsen 0 0 0 -1 0 5 2 4 0 2 0/0 16:39 0:00 0:48
Sergey Tolchinsky 0 0 0 0 0 0 1 0 0 0 0/0 8:31 0:00 0:00
Tyler Pitlick 0 0 0 0 0 3 0 0 0 0 0/1 13:14 0:00 0:00
Viktor Loov 0 0 0 -1 0 2 2 1 0 2 0/0 18:23 0:45 1:24
Players Stats for Gangsters
Player Name G A P +/- PIM S H SB GA TA FO MP PP MP PK MP
------------------------------------------------------------------------------------
Alexander Wennberg 0 1 1 0 0 1 0 0 0 0 3/7 13:36 0:29 0:00
Austen Brassard 0 0 0 0 0 1 0 0 0 0 0/0 7:17 0:00 0:00
Brett Ponich 0 0 0 0 0 0 1 2 0 1 0/0 18:27 1:28 0:46
Dave Dziurzynski 0 2 2 0 0 4 0 0 1 0 0/2 20:23 2:29 0:26
David Pope 0 0 0 2 0 3 0 0 0 0 0/0 19:33 1:32 0:40
Derrick Pouliot 0 0 0 2 0 0 1 0 0 0 0/0 15:00 0:00 0:00
Devante Smith-Pelly 0 0 0 1 0 1 1 0 1 0 0/0 4:52 0:03 0:00
Jonas Brodin 0 0 0 2 0 2 0 0 0 0 0/0 15:00 0:00 0:00
Kevin Roy 0 0 0 -1 0 0 1 0 0 0 0/0 16:24 1:57 0:09
Matt Delahey 0 1 1 0 0 7 1 1 3 0 0/0 26:13 2:33 1:13
Maxime Sauvé 3 0 3 0 0 5 0 2 0 1 20/41 23:45 2:29 0:57
Morgan Ellis 0 0 0 0 0 0 0 2 0 0 0/0 18:27 1:28 0:46
Patrik Nemeth 0 1 1 0 0 0 0 0 0 0 0/0 26:13 2:33 1:13
Phillip Danault 0 1 1 0 2 0 1 0 0 0 0/0 12:40 0:00 0:00
Sebastian Collberg 0 0 0 0 0 0 0 0 0 0 0/0 12:48 0:00 0:00
Seth Griffith 0 0 0 0 0 2 0 0 1 0 1/2 8:53 0:00 0:44
Stefan Noesen 2 0 2 2 0 6 0 0 0 1 0/0 18:46 1:32 0:00
Tomas Hertl 0 2 2 2 0 5 0 0 2 0 9/12 19:43 1:32 1:02
3 Stars
1 - Maxime Sauvé (Bro)
2 - Stefan Noesen (Bro)
3 - Jason Akeson (StJ)
Power Play
Staline - 0 on 1 Attempt(s) - 0.00%
Gangsters - 1 on 3 Attempt(s) - 33.33%
Penalty Kill
Staline - 2 on 3 Attempt(s) - 66.67%
- Score 0 goal in Penalty Kill
Gangsters - 1 on 1 Attempt(s) - 100.00%
- Score 0 goal in Penalty Kill
Team Stat
Staline - Hits : 31 - Faceoff Wins : 31 - Blocked Shots : 11 - Penalty Minutes : 6
Gangsters - Hits : 6 - Faceoff Wins : 33 - Blocked Shots : 7 - Penalty Minutes : 2
Official
Referees : Unknown
Linesman : Unknown
Game Notes
Devante Smith-Pelly is injured at 16:20 of 1st period (Bruised Left Foot)
18:00 of 1st period - Staline goal is going for a video replay. After video review, No Goal. The puck has been directed, batted or thrown into the net by an attacking player other than with a stick.
Maxime Sauvé has scored a Hat Trick!
Finance
Level 1 -- Attendance: 1444 (72.20%) -- Ticket Income $57,760
Level 2 -- Attendance: 739 (73.90%) -- Ticket Income $14,780
Total Attendance: 2183 (72.77%)
Total Ticket Income: $72,540
Other Income: $3,627
Total Income: $76,167
Staline
5 vs 5 Forward
Center Left Wing Right Wing Time % Phy DF OF
1 Lars Eller Nick Spaling Jason Akeson 40 0 1 4
2 Corey Trivino Bryan Bickell Jordan Szwarz 30 0 1 4
3 Marek Zagrapan Jiri Sekac Tyler Pitlick 20 0 2 3
4 Peter Holland Sergey Tolchinsky Barclay Goodrow 10 1 3 1
5 vs 5 Defense
Defense Defense Time % Phy DF OF
1 Cameron Gaunce Alex Petrovic 40 0 3 2
2 Viktor Loov Philip Larsen 30 0 3 2
3 Andrey Pedan Mike Reilly 20 0 3 2
4 Cameron Gaunce Alex Petrovic 10 0 3 2
PowerPlay Forward
Center Left Wing Right Wing Time % Phy DF OF
1 Lars Eller Nick Spaling Jason Akeson 60 0 0 5
2 Corey Trivino Bryan Bickell Jordan Szwarz 40 0 0 5
PowerPlay Defense
Defense Defense Time % Phy DF OF
1 Cameron Gaunce Alex Petrovic 60 0 1 4
2 Viktor Loov Mike Reilly 40 0 1 4
Penalty Kill 4 Players Forward
Center Wing Time % Phy DF OF
1 Corey Trivino Nick Spaling 60 0 5 0
2 Lars Eller Jason Akeson 40 0 5 0
Penalty Kill 4 Players Defense
Defense Defense Time % Phy DF OF
1 Cameron Gaunce Alex Petrovic 60 0 5 0
2 Viktor Loov Mike Reilly 40 0 5 0
Penalty Kill - 3 Players Forward
Forward Time % Phy DF OF
1 Peter Holland 60 0 5 0
2 Lars Eller 40 0 5 0
Penalty Kill - 3 Players Defense
Defense Defense Time % Phy DF OF
1 Cameron Gaunce Alex Petrovic 60 0 5 0
2 Viktor Loov Mike Reilly 40 0 5 0
4 vs 4 Forward
Center Wing Time % Phy DF OF
1 Marek Zagrapan Jordan Szwarz 60 0 2 3
2 Lars Eller Jason Akeson 40 0 2 3
4 vs 4 Defense
Defense Defense Time % Phy DF OF
1 Cameron Gaunce Alex Petrovic 60 0 2 3
2 Viktor Loov Mike Reilly 40 0 2 3
Last Minutes Offensive
Center Left Wing Right Wing Defense Defense
Lars Eller Nick Spaling Jason Akeson Cameron Gaunce Alex Petrovic
Last Minutes Defensive
Center Left Wing Right Wing Defense Defense
Lars Eller Nick Spaling Jordan Szwarz Cameron Gaunce Alex Petrovic
Goaltenders
Starting : Andrew Hammond
Backup : Joni Ortio
Extra Forwards
Normal : Jordan Szwarz, Marek Zagrapan, Jason Akeson - PP : Jordan Szwarz, Marek Zagrapan - PK : Nick Spaling
Extra Defensemen
Normal : Andrey Pedan, Philip Larsen, Viktor Loov - PP : Andrey Pedan - PK : Philip Larsen, Viktor Loov
Penalty Shots
Nick Spaling, Jordan Szwarz, Lars Eller, Jason Akeson, Bryan Bickell
Scratches
Tyler Lewington (Healthy), Tobias Lindberg (Healthy), Nikita Nesterov (Healthy), Charles Hudon (Healthy), David Musil (Healthy)
Danny Kristo (Left Hand Injury), Darcy Kuemper (Healthy)
Gangsters
5 vs 5 Forward
Center Left Wing Right Wing Time % Phy DF OF
1 Maxime Sauvé Dave Dziurzynski Devante Smith-Pelly 40 1 2 2
2 Tomas Hertl David Pope Stefan Noesen 30 1 2 2
3 Alexander Wennberg Phillip Danault Sebastian Collberg 20 1 2 2
4 Seth Griffith Maxime Sauvé Austen Brassard 10 1 2 2
5 vs 5 Defense
Defense Defense Time % Phy DF OF
1 Patrik Nemeth Matt Delahey 40 1 2 2
2 Morgan Ellis Brett Ponich 30 1 2 2
3 Jonas Brodin Derrick Pouliot 20 1 2 2
4 Patrik Nemeth Matt Delahey 10 1 2 2
PowerPlay Forward
Center Left Wing Right Wing Time % Phy DF OF
1 Maxime Sauvé Dave Dziurzynski Devante Smith-Pelly 60 1 2 2
2 Tomas Hertl David Pope Stefan Noesen 40 1 2 2
PowerPlay Defense
Defense Defense Time % Phy DF OF
1 Patrik Nemeth Matt Delahey 60 1 2 2
2 Morgan Ellis Brett Ponich 40 1 2 2
Penalty Kill 4 Players Forward
Center Wing Time % Phy DF OF
1 Maxime Sauvé Tomas Hertl 60 1 2 2
2 Dave Dziurzynski Devante Smith-Pelly 40 1 2 2
Penalty Kill 4 Players Defense
Defense Defense Time % Phy DF OF
1 Patrik Nemeth Matt Delahey 60 1 2 2
2 Morgan Ellis Brett Ponich 40 1 2 2
Penalty Kill - 3 Players Forward
Forward Time % Phy DF OF
1 Maxime Sauvé 60 1 2 2
2 Tomas Hertl 40 1 2 2
Penalty Kill - 3 Players Defense
Defense Defense Time % Phy DF OF
1 Patrik Nemeth Matt Delahey 60 1 2 2
2 Morgan Ellis Brett Ponich 40 1 2 2
4 vs 4 Forward
Center Wing Time % Phy DF OF
1 Maxime Sauvé Tomas Hertl 60 1 2 2
2 Dave Dziurzynski Devante Smith-Pelly 40 1 2 2
4 vs 4 Defense
Defense Defense Time % Phy DF OF
1 Patrik Nemeth Matt Delahey 60 1 2 2
2 Morgan Ellis Brett Ponich 40 1 2 2
Last Minutes Offensive
Center Left Wing Right Wing Defense Defense
Maxime Sauvé Dave Dziurzynski Devante Smith-Pelly Patrik Nemeth Matt Delahey
Last Minutes Defensive
Center Left Wing Right Wing Defense Defense
Maxime Sauvé Dave Dziurzynski Devante Smith-Pelly Patrik Nemeth Matt Delahey
Goaltenders
Starting : Dustin Tokarski
Backup : Mike Condon
Extra Forwards
Normal : Kevin Roy, Alexander Wennberg, Seth Griffith - PP : Kevin Roy, Alexander Wennberg - PK : Seth Griffith
Extra Defensemen
Normal : Jonas Brodin, Derrick Pouliot, Morgan Ellis - PP : Jonas Brodin - PK : Derrick Pouliot, Morgan Ellis
Penalty Shots
Maxime Sauvé, Tomas Hertl, Dave Dziurzynski, Devante Smith-Pelly, Alexander Wennberg
Scratches
Jordan Subban (Healthy), Ryan Culkin (Healthy), Steven Santini (Healthy), Jordan Binnington (Healthy)
% Time on Ice - Staline
Lines # - Real PCT - Wanted PCT - Time Play
Normal Forward
1 - 34% - 40% - 18:26
2 - 26% - 30% - 13:55
3 - 24% - 20% - 13:08
4 - 16% - 10% - 8:31
Normal Defense
1 - 37% - 40% - 19:59
2 - 30% - 30% - 16:28
3 - 27% - 20% - 14:30
4 - 6% - 10% - 3:03
PP Forward
1 - 55% - 60% - 1:05
2 - 45% - 40% - 0:54
PP Defense
1 - 62% - 60% - 1:14
2 - 38% - 40% - 0:45
PK Forward
1 - 93% - 60% - 3:44
2 - 7% - 40% - 0:17
PK Defense
1 - 65% - 60% - 2:37
2 - 35% - 40% - 1:24
PK3 Forward
1 - 0% - 60%
2 - 0% - 40%
PK3 Defense
1 - 0% - 60%
2 - 0% - 40%
44 Forward
1 - 0% - 60%
2 - 0% - 40%
44 Defense
1 - 0% - 60%
2 - 0% - 40%
Last Minute Offensive - 0:00
Last Minute Defensive - 0:00
Total
Forward - 60:00
Defense - 60:00
|
% Time on Ice - Gangsters
Lines # - Real PCT - Wanted PCT - Time Play
Normal Forward
1 - 34% - 40% - 18:28
2 - 31% - 30% - 16:48
3 - 23% - 20% - 12:27
4 - 12% - 10% - 6:17
Normal Defense
1 - 37% - 40% - 20:07
2 - 30% - 30% - 16:02
3 - 28% - 20% - 15:00
4 - 5% - 10% - 2:51
PP Forward
1 - 62% - 60% - 2:29
2 - 38% - 40% - 1:32
PP Defense
1 - 63% - 60% - 2:33
2 - 37% - 40% - 1:28
PK Forward
1 - 78% - 60% - 1:33
2 - 22% - 40% - 0:26
PK Defense
1 - 61% - 60% - 1:13
2 - 39% - 40% - 0:46
PK3 Forward
1 - 0% - 60%
2 - 0% - 40%
PK3 Defense
1 - 0% - 60%
2 - 0% - 40%
44 Forward
1 - 0% - 60%
2 - 0% - 40%
44 Defense
1 - 0% - 60%
2 - 0% - 40%
Last Minute Offensive - 0:00
Last Minute Defensive - 0:00
Total
Forward - 60:00
Defense - 60:00
|
Play by Play
1st period
0:01 of 1st period - Lars Eller wins face-off versus Maxime Sauvé in neutral zone.
1:05 of 1st period - Snap shot by Bryan Bickell.
1:05 of 1st period - Stopped by Dustin Tokarski with a rebound.
1:07 of 1st period - Slapshot by Alex Petrovic.
1:07 of 1st period - Deflect By Bryan Bickell.
1:07 of 1st period - Shot Blocked by Brett Ponich.
1:07 of 1st period - Puck is out of play.
1:08 of 1st period - Marek Zagrapan wins face-off versus Maxime Sauvé in Gangsters zone.
1:23 of 1st period - Wrist shot by Seth Griffith.
1:23 of 1st period - Stopped by Andrew Hammond without a rebound.
1:24 of 1st period - Maxime Sauvé wins face-off versus Lars Eller in Staline zone.
1:28 of 1st period - Off-side.
1:29 of 1st period - Maxime Sauvé wins face-off versus Lars Eller in neutral zone.
2:38 of 1st period - Wrist shot by Seth Griffith.
2:38 of 1st period - Stopped by Andrew Hammond without a rebound.
2:39 of 1st period - Lars Eller wins face-off versus Maxime Sauvé in Staline zone.
2:39 of 1st period - Lars Eller is hit by Devante Smith-Pelly.
3:08 of 1st period - Wrist shot by Nick Spaling.
3:08 of 1st period - Stopped by Dustin Tokarski with a rebound.
3:10 of 1st period - Snap shot by Nick Spaling.
3:10 of 1st period - Shot Misses the Net.
3:12 of 1st period - Snap shot by Jason Akeson.
3:12 of 1st period - Stopped by Dustin Tokarski with a rebound.
3:16 of 1st period - Backhand shot by Lars Eller.
3:16 of 1st period - Shot Misses the Net.
3:18 of 1st period - Backhand shot by Philip Larsen.
3:18 of 1st period - Deflect By Lars Eller.
3:18 of 1st period - Stopped by Dustin Tokarski with a rebound.
3:20 of 1st period - Snap shot by Philip Larsen.
3:20 of 1st period - Deflect By Nick Spaling.
3:20 of 1st period - Stopped by Dustin Tokarski with a rebound.
3:22 of 1st period - Slapshot by Lars Eller.
3:22 of 1st period - Stopped by Dustin Tokarski without a rebound.
3:23 of 1st period - Maxime Sauvé wins face-off versus Corey Trivino in Gangsters zone.
3:23 of 1st period - Maxime Sauvé is hit by Bryan Bickell.
4:11 of 1st period - Snap shot by Tomas Hertl.
4:11 of 1st period - Stopped by Andrew Hammond without a rebound.
4:12 of 1st period - Tomas Hertl wins face-off versus Peter Holland in Staline zone.
4:27 of 1st period - Wrist shot by Tomas Hertl.
4:27 of 1st period - Stopped by Andrew Hammond without a rebound.
4:28 of 1st period - Maxime Sauvé wins face-off versus Lars Eller in Staline zone.
4:29 of 1st period - Snap shot by Devante Smith-Pelly.
4:29 of 1st period - Stopped by Andrew Hammond with a rebound.
4:40 of 1st period - Matt Delahey is hit by Cameron Gaunce and loses puck.
4:58 of 1st period - Wrist shot by Corey Trivino.
4:58 of 1st period - Shot Misses the Net.
5:00 of 1st period - Backhand shot by Viktor Loov.
5:00 of 1st period - Stopped by Dustin Tokarski without a rebound.
5:01 of 1st period - Tomas Hertl wins face-off versus Lars Eller in Gangsters zone.
5:01 of 1st period - Tomas Hertl is hit by Nick Spaling.
5:10 of 1st period - Off-side.
5:11 of 1st period - Tomas Hertl wins face-off versus Lars Eller in neutral zone.
5:26 of 1st period - Brett Ponich is hit by Alex Petrovic and loses puck.
5:39 of 1st period - Slapshot by Stefan Noesen.
5:39 of 1st period - Shot Blocked by Philip Larsen.
6:22 of 1st period - Snap shot by Stefan Noesen.
6:22 of 1st period - Stopped by Andrew Hammond with a rebound.
6:24 of 1st period - Snap shot by Tomas Hertl.
6:24 of 1st period - Shot Misses the Net.
6:46 of 1st period - Snap shot by David Pope.
6:46 of 1st period - Stopped by Andrew Hammond with a rebound.
6:48 of 1st period - Slapshot by Brett Ponich.
6:48 of 1st period - Shot Blocked by Philip Larsen.
7:04 of 1st period - Snap shot by Tomas Hertl.
7:04 of 1st period - Stopped by Andrew Hammond with a rebound.
7:16 of 1st period - Wrist shot by Stefan Noesen.
7:16 of 1st period - Stopped by Andrew Hammond with a rebound.
7:18 of 1st period - Slapshot by Brett Ponich.
7:18 of 1st period - Deflect By Tomas Hertl.
7:18 of 1st period - Shot Blocked by Philip Larsen.
7:18 of 1st period - Puck is out of play.
7:19 of 1st period - Corey Trivino wins face-off versus Maxime Sauvé in Staline zone.
8:11 of 1st period - Wrist shot by Tyler Pitlick.
8:11 of 1st period - Stopped by Dustin Tokarski with a rebound.
8:31 of 1st period - Patrik Nemeth is hit by Bryan Bickell and loses puck.
11:29 of 1st period - Cameron Gaunce is hit by Kevin Roy and loses puck.
15:20 of 1st period - Icing by Phillip Danault.
15:21 of 1st period - Alexander Wennberg wins face-off versus Corey Trivino in Gangsters zone.
15:28 of 1st period - Snap shot by Maxime Sauvé.
15:28 of 1st period - Goal by Maxime Sauvé - Staline : 0 - Gangsters : 1.
15:29 of 1st period - Nick Spaling wins face-off versus Maxime Sauvé in neutral zone.
15:31 of 1st period - Minor Penalty to Cameron Gaunce for Interference.
15:32 of 1st period - Maxime Sauvé wins face-off versus Corey Trivino in Staline zone.
15:34 of 1st period - Slapshot by Maxime Sauvé.
15:34 of 1st period - Goal by Maxime Sauvé - Staline : 0 - Gangsters : 2.
15:35 of 1st period - Lars Eller wins face-off versus Maxime Sauvé in neutral zone.
15:57 of 1st period - Icing by Alex Petrovic.
15:58 of 1st period - Tomas Hertl wins face-off versus Corey Trivino in Staline zone.
16:05 of 1st period - Slapshot by Stefan Noesen.
16:05 of 1st period - Shot Misses the Net.
16:07 of 1st period - Wrist shot by David Pope.
16:07 of 1st period - Shot Blocked by Alex Petrovic.
16:09 of 1st period - Snap shot by Stefan Noesen.
16:09 of 1st period - Shot Misses the Net.
16:11 of 1st period - Snap shot by Stefan Noesen.
16:11 of 1st period - Shot Misses the Net.
16:13 of 1st period - Slapshot by David Pope.
16:13 of 1st period - Stopped by Andrew Hammond without a rebound.
16:14 of 1st period - Lars Eller wins face-off versus Maxime Sauvé in Staline zone.
16:19 of 1st period - Devante Smith-Pelly is hit by Philip Larsen and loses puck.
16:20 of 1st period - Devante Smith-Pelly from Gangsters is injured at 16:20 of 1st period (Bruised Left Foot).
16:21 of 1st period - Lars Eller wins face-off versus Maxime Sauvé in Gangsters zone.
16:30 of 1st period - Slapshot by Jason Akeson.
16:30 of 1st period - Shot Misses the Net.
16:48 of 1st period - Snap shot by Marek Zagrapan.
16:48 of 1st period - Stopped by Dustin Tokarski with a rebound.
16:50 of 1st period - Slapshot by Philip Larsen.
16:50 of 1st period - Deflect By Dave Dziurzynski.
16:50 of 1st period - Stopped by Dustin Tokarski with a rebound.
16:52 of 1st period - Snap shot by Viktor Loov.
16:52 of 1st period - Stopped by Dustin Tokarski with a rebound.
16:54 of 1st period - Wrist shot by Marek Zagrapan.
16:54 of 1st period - Stopped by Dustin Tokarski with a rebound.
17:10 of 1st period - Snap shot by Tomas Hertl.
17:10 of 1st period - Shot Misses the Net.
17:12 of 1st period - Wrist shot by Matt Delahey.
17:12 of 1st period - Deflect By Jordan Szwarz.
17:12 of 1st period - Stopped by Andrew Hammond with a rebound.
17:54 of 1st period - Slapshot by Philip Larsen.
17:54 of 1st period - Shot Hit the Post.
17:56 of 1st period - Slapshot by Philip Larsen.
17:56 of 1st period - Deflect By Tomas Hertl.
17:56 of 1st period - Stopped by Dustin Tokarski with a rebound.
17:58 of 1st period - Wrist shot by Nick Spaling.
17:58 of 1st period - Shot Blocked by Morgan Ellis.
18:00 of 1st period - Snap shot by Lars Eller.
18:00 of 1st period - Staline goal is going for a video replay.
18:00 of 1st period - The goal is refused. The puck has been directed, batted or thrown into the net by an attacking player other than with a stick..
18:01 of 1st period - Tomas Hertl wins face-off versus Bryan Bickell in Gangsters zone.
18:11 of 1st period - Off-side.
18:12 of 1st period - Maxime Sauvé wins face-off versus Lars Eller in neutral zone.
18:17 of 1st period - Snap shot by Maxime Sauvé.
18:17 of 1st period - Stopped by Andrew Hammond without a rebound.
18:18 of 1st period - Lars Eller wins face-off versus Maxime Sauvé in Staline zone.
18:23 of 1st period - Wrist shot by Nick Spaling.
18:23 of 1st period - Deflect By Maxime Sauvé.
18:23 of 1st period - Shot Misses the Net.
18:23 of 1st period - Puck is out of play.
18:24 of 1st period - Lars Eller wins face-off versus Maxime Sauvé in Gangsters zone.
18:35 of 1st period - Wrist shot by Nick Spaling.
18:35 of 1st period - Shot Misses the Net.
19:00 of 1st period - Slapshot by Stefan Noesen.
19:00 of 1st period - Goal by Stefan Noesen - Staline : 0 - Gangsters : 3.
19:01 of 1st period - Lars Eller wins face-off versus Maxime Sauvé in neutral zone.
19:08 of 1st period - Wrist shot by Nick Spaling.
19:08 of 1st period - Deflect By Lars Eller.
19:08 of 1st period - Shot Misses the Net.
19:08 of 1st period - Puck is out of play.
19:09 of 1st period - Lars Eller wins face-off versus Maxime Sauvé in Gangsters zone.
19:14 of 1st period - Snap shot by Jason Akeson.
19:14 of 1st period - Shot Blocked by Maxime Sauvé.
19:16 of 1st period - Snap shot by Jason Akeson.
19:16 of 1st period - Goal by Jason Akeson - Staline : 1 - Gangsters : 3.
19:17 of 1st period - Maxime Sauvé wins face-off versus Corey Trivino in neutral zone.
19:24 of 1st period - Snap shot by Dave Dziurzynski.
19:24 of 1st period - Stopped by Andrew Hammond without a rebound.
19:25 of 1st period - Maxime Sauvé wins face-off versus Corey Trivino in Staline zone.
19:41 of 1st period - Icing by Alex Petrovic.
19:42 of 1st period - Corey Trivino wins face-off versus Alexander Wennberg in Staline zone.
Goals for this period are 1 for Staline vs 3 for Gangsters.
Shots for this period are 15 for Staline vs 16 for Gangsters.
2nd period
0:01 of 2nd period - Maxime Sauvé wins face-off versus Lars Eller in neutral zone.
0:11 of 2nd period - Snap shot by Lars Eller.
0:11 of 2nd period - Stopped by Dustin Tokarski without a rebound.
0:12 of 2nd period - Maxime Sauvé wins face-off versus Lars Eller in Gangsters zone.
0:23 of 2nd period - Wrist shot by Lars Eller.
0:23 of 2nd period - Stopped by Dustin Tokarski without a rebound.
0:24 of 2nd period - Lars Eller wins face-off versus Maxime Sauvé in Gangsters zone.
0:51 of 2nd period - Tomas Hertl is hit by Jiri Sekac and loses puck.
0:56 of 2nd period - Slapshot by Jiri Sekac.
0:56 of 2nd period - Deflect By Tyler Pitlick.
0:56 of 2nd period - Stopped by Dustin Tokarski without a rebound.
0:57 of 2nd period - Marek Zagrapan wins face-off versus Tomas Hertl in Gangsters zone.
2:04 of 2nd period - Slapshot by Jonas Brodin.
2:04 of 2nd period - Stopped by Andrew Hammond with a rebound.
3:01 of 2nd period - Snap shot by Tomas Hertl.
3:01 of 2nd period - Shot Misses the Net.
3:11 of 2nd period - Snap shot by Stefan Noesen.
3:11 of 2nd period - Stopped by Andrew Hammond with a rebound.
3:19 of 2nd period - Wrist shot by Jiri Sekac.
3:19 of 2nd period - Deflect By David Pope.
3:19 of 2nd period - Shot Misses the Net.
3:19 of 2nd period - Puck is out of play.
3:20 of 2nd period - Lars Eller wins face-off versus Maxime Sauvé in Gangsters zone.
3:34 of 2nd period - Snap shot by Matt Delahey.
3:34 of 2nd period - Shot Blocked by Nick Spaling.
3:45 of 2nd period - Matt Delahey is hit by Lars Eller and loses puck.
3:50 of 2nd period - Slapshot by Jason Akeson.
3:50 of 2nd period - Goal by Jason Akeson - Staline : 2 - Gangsters : 3.
3:51 of 2nd period - Maxime Sauvé wins face-off versus Corey Trivino in neutral zone.
5:02 of 2nd period - Snap shot by Jordan Szwarz.
5:02 of 2nd period - Stopped by Dustin Tokarski with a rebound.
7:00 of 2nd period - Tomas Hertl is hit by Cameron Gaunce and loses puck.
7:46 of 2nd period - Brett Ponich is hit by Andrey Pedan.
9:07 of 2nd period - Phillip Danault is hit by Jordan Szwarz and loses puck.
9:46 of 2nd period - Icing by Patrik Nemeth.
9:47 of 2nd period - Lars Eller wins face-off versus Alexander Wennberg in Gangsters zone.
10:08 of 2nd period - Maxime Sauvé is hit by Bryan Bickell.
10:30 of 2nd period - Slapshot by Mike Reilly.
10:30 of 2nd period - Shot Misses the Net.
10:32 of 2nd period - Wrist shot by Marek Zagrapan.
10:32 of 2nd period - Stopped by Dustin Tokarski without a rebound.
10:33 of 2nd period - Lars Eller wins face-off versus Seth Griffith in Gangsters zone.
10:58 of 2nd period - Patrik Nemeth is hit by Jordan Szwarz and loses puck.
11:17 of 2nd period - Wrist shot by Tomas Hertl.
11:17 of 2nd period - Shot Misses the Net.
11:19 of 2nd period - Slapshot by Matt Delahey.
11:19 of 2nd period - Stopped by Andrew Hammond without a rebound.
11:20 of 2nd period - Lars Eller wins face-off versus Maxime Sauvé in Staline zone.
11:45 of 2nd period - David Pope is hit by Bryan Bickell and loses puck.
12:28 of 2nd period - Snap shot by Peter Holland.
12:28 of 2nd period - Shot Misses the Net.
12:30 of 2nd period - Snap shot by Philip Larsen.
12:30 of 2nd period - Stopped by Dustin Tokarski with a rebound.
12:48 of 2nd period - Derrick Pouliot is hit by Nick Spaling and loses puck.
12:57 of 2nd period - Seth Griffith is hit by Nick Spaling.
13:09 of 2nd period - Wrist shot by Jordan Szwarz.
13:09 of 2nd period - Stopped by Dustin Tokarski with a rebound.
13:37 of 2nd period - Wrist shot by Tomas Hertl.
13:37 of 2nd period - Stopped by Andrew Hammond without a rebound.
13:38 of 2nd period - Alexander Wennberg wins face-off versus Lars Eller in Staline zone.
13:45 of 2nd period - Wrist shot by Jason Akeson.
13:45 of 2nd period - Stopped by Dustin Tokarski with a rebound.
14:05 of 2nd period - Backhand shot by David Pope.
14:05 of 2nd period - Shot Blocked by Viktor Loov.
14:25 of 2nd period - Wrist shot by Marek Zagrapan.
14:25 of 2nd period - Shot Blocked by Maxime Sauvé.
14:33 of 2nd period - Snap shot by Marek Zagrapan.
14:33 of 2nd period - Shot Blocked by Morgan Ellis.
14:35 of 2nd period - Snap shot by Marek Zagrapan.
14:35 of 2nd period - Shot Misses the Net.
15:34 of 2nd period - Icing by Cameron Gaunce.
15:35 of 2nd period - Tomas Hertl wins face-off versus Marek Zagrapan in Staline zone.
15:40 of 2nd period - Wrist shot by Tomas Hertl.
15:40 of 2nd period - Stopped by Andrew Hammond with a rebound.
16:06 of 2nd period - Wrist shot by Jordan Szwarz.
16:06 of 2nd period - Stopped by Dustin Tokarski without a rebound.
16:07 of 2nd period - Corey Trivino wins face-off versus Dave Dziurzynski in Gangsters zone.
16:55 of 2nd period - Slapshot by Matt Delahey.
16:55 of 2nd period - Deflect By Austen Brassard.
16:55 of 2nd period - Stopped by Andrew Hammond without a rebound.
16:56 of 2nd period - Seth Griffith wins face-off versus Tyler Pitlick in Staline zone.
17:02 of 2nd period - Icing by Marek Zagrapan.
17:03 of 2nd period - Maxime Sauvé wins face-off versus Marek Zagrapan in Staline zone.
17:15 of 2nd period - Snap shot by Dave Dziurzynski.
17:15 of 2nd period - Shot Misses the Net.
17:58 of 2nd period - Snap shot by Tyler Pitlick.
17:58 of 2nd period - Deflect By Marek Zagrapan.
17:58 of 2nd period - Shot Misses the Net.
17:58 of 2nd period - Puck is out of play.
17:59 of 2nd period - Maxime Sauvé wins face-off versus Lars Eller in Gangsters zone.
17:59 of 2nd period - Maxime Sauvé is hit by Lars Eller.
18:26 of 2nd period - Off-side.
18:27 of 2nd period - Alexander Wennberg wins face-off versus Corey Trivino in neutral zone.
18:34 of 2nd period - Snap shot by Alexander Wennberg.
18:34 of 2nd period - Stopped by Andrew Hammond with a rebound.
18:36 of 2nd period - Minor Penalty to Mike Reilly for Holding.
18:37 of 2nd period - Corey Trivino wins face-off versus Maxime Sauvé in Staline zone.
18:37 of 2nd period - Corey Trivino is hit by Matt Delahey.
19:03 of 2nd period - Stefan Noesen is hit by Nick Spaling and loses puck.
Goals for this period are 1 for Staline vs 0 for Gangsters.
Shots for this period are 10 for Staline vs 7 for Gangsters.
3rd period
0:01 of 3rd period - Maxime Sauvé wins face-off versus Corey Trivino in neutral zone.
0:04 of 3rd period - Wrist shot by Patrik Nemeth.
0:04 of 3rd period - Shot Misses the Net.
0:14 of 3rd period - Wrist shot by Maxime Sauvé.
0:14 of 3rd period - Shot Misses the Net.
0:16 of 3rd period - Snap shot by Dave Dziurzynski.
0:16 of 3rd period - Stopped by Andrew Hammond without a rebound.
0:17 of 3rd period - Maxime Sauvé wins face-off versus Corey Trivino in Staline zone.
0:20 of 3rd period - Snap shot by Maxime Sauvé.
0:20 of 3rd period - Shot Misses the Net.
0:22 of 3rd period - Slapshot by Matt Delahey.
0:22 of 3rd period - Stopped by Andrew Hammond with a rebound.
0:24 of 3rd period - Slapshot by Maxime Sauvé.
0:24 of 3rd period - Shot Misses the Net.
0:26 of 3rd period - Snap shot by Matt Delahey.
0:26 of 3rd period - Deflect By Corey Trivino.
0:26 of 3rd period - Stopped by Andrew Hammond without a rebound.
0:27 of 3rd period - Corey Trivino wins face-off versus Maxime Sauvé in Staline zone.
0:32 of 3rd period - Patrik Nemeth is hit by Cameron Gaunce and loses puck.
0:36 of 3rd period - Penalty to Mike Reilly is over, Mike Reilly is back on ice.
0:45 of 3rd period - Snap shot by Dave Dziurzynski.
0:45 of 3rd period - Shot Blocked by Alex Petrovic.
0:47 of 3rd period - Wrist shot by Maxime Sauvé.
0:47 of 3rd period - Goal by Maxime Sauvé - Staline : 2 - Gangsters : 4.
0:48 of 3rd period - Maxime Sauvé wins face-off versus Lars Eller in neutral zone.
0:53 of 3rd period - Snap shot by Dave Dziurzynski.
0:53 of 3rd period - Stopped by Andrew Hammond without a rebound.
0:54 of 3rd period - Maxime Sauvé wins face-off versus Lars Eller in Staline zone.
0:57 of 3rd period - Snap shot by Dave Dziurzynski.
0:57 of 3rd period - Stopped by Andrew Hammond with a rebound.
0:59 of 3rd period - Slapshot by Matt Delahey.
0:59 of 3rd period - Stopped by Andrew Hammond without a rebound.
1:00 of 3rd period - Lars Eller wins face-off versus Maxime Sauvé in Staline zone.
1:09 of 3rd period - Wrist shot by Dave Dziurzynski.
1:09 of 3rd period - Shot Blocked by Alex Petrovic.
1:11 of 3rd period - Snap shot by Matt Delahey.
1:11 of 3rd period - Stopped by Andrew Hammond without a rebound.
1:12 of 3rd period - Maxime Sauvé wins face-off versus Lars Eller in Staline zone.
1:37 of 3rd period - Patrik Nemeth is hit by Jordan Szwarz and loses puck.
1:42 of 3rd period - Snap shot by Jordan Szwarz.
1:42 of 3rd period - Shot Misses the Net.
1:44 of 3rd period - Wrist shot by Bryan Bickell.
1:44 of 3rd period - Shot Misses the Net.
1:46 of 3rd period - Snap shot by Bryan Bickell.
1:46 of 3rd period - Stopped by Dustin Tokarski with a rebound.
1:48 of 3rd period - Slapshot by Philip Larsen.
1:48 of 3rd period - Deflect By Tomas Hertl.
1:48 of 3rd period - Stopped by Dustin Tokarski with a rebound.
1:50 of 3rd period - Slapshot by Jordan Szwarz.
1:50 of 3rd period - Stopped by Dustin Tokarski with a rebound.
2:27 of 3rd period - Slapshot by Jonas Brodin.
2:27 of 3rd period - Stopped by Andrew Hammond without a rebound.
2:28 of 3rd period - Lars Eller wins face-off versus Maxime Sauvé in Staline zone.
2:41 of 3rd period - Slapshot by Jonas Brodin.
2:41 of 3rd period - Shot Misses the Net.
2:43 of 3rd period - Wrist shot by Maxime Sauvé.
2:43 of 3rd period - Shot Blocked by Alex Petrovic.
2:45 of 3rd period - Wrist shot by Dave Dziurzynski.
2:45 of 3rd period - Shot Misses the Net.
3:34 of 3rd period - Backhand shot by Maxime Sauvé.
3:34 of 3rd period - Stopped by Andrew Hammond without a rebound.
3:35 of 3rd period - Tomas Hertl wins face-off versus Corey Trivino in Staline zone.
3:42 of 3rd period - David Pope is hit by Viktor Loov and loses puck.
3:47 of 3rd period - Snap shot by Jordan Szwarz.
3:47 of 3rd period - Deflect By Corey Trivino.
3:47 of 3rd period - Stopped by Dustin Tokarski without a rebound.
3:48 of 3rd period - Tomas Hertl wins face-off versus Corey Trivino in Gangsters zone.
3:53 of 3rd period - Slapshot by Matt Delahey.
3:53 of 3rd period - Deflect By Bryan Bickell.
3:53 of 3rd period - Stopped by Andrew Hammond without a rebound.
3:54 of 3rd period - Tomas Hertl wins face-off versus Corey Trivino in Staline zone.
3:55 of 3rd period - Wrist shot by Stefan Noesen.
3:55 of 3rd period - Goal by Stefan Noesen - Staline : 2 - Gangsters : 5.
3:56 of 3rd period - Lars Eller wins face-off versus Maxime Sauvé in neutral zone.
3:59 of 3rd period - Matt Delahey is hit by Alex Petrovic.
4:40 of 3rd period - Alexander Wennberg is hit by Viktor Loov and loses puck.
4:51 of 3rd period - Wrist shot by Tyler Pitlick.
4:51 of 3rd period - Stopped by Dustin Tokarski with a rebound.
4:57 of 3rd period - Minor Penalty to Phillip Danault for Hooking.
4:58 of 3rd period - Lars Eller wins face-off versus Maxime Sauvé in Gangsters zone.
6:06 of 3rd period - Snap shot by Dave Dziurzynski.
6:06 of 3rd period - Shot Misses the Net.
6:57 of 3rd period - Penalty to Phillip Danault is over, Phillip Danault is back on ice.
7:04 of 3rd period - Wrist shot by Peter Holland.
7:04 of 3rd period - Stopped by Dustin Tokarski without a rebound.
7:05 of 3rd period - Peter Holland wins face-off versus Alexander Wennberg in Gangsters zone.
7:20 of 3rd period - Slapshot by Sergey Tolchinsky.
7:20 of 3rd period - Shot Misses the Net.
7:30 of 3rd period - Mike Reilly is hit by Derrick Pouliot and loses puck.
7:48 of 3rd period - Icing by Andrey Pedan.
7:49 of 3rd period - Corey Trivino wins face-off versus Tomas Hertl in Staline zone.
8:04 of 3rd period - Wrist shot by Tomas Hertl.
8:04 of 3rd period - Shot Blocked by Andrey Pedan.
8:16 of 3rd period - Snap shot by Mike Reilly.
8:16 of 3rd period - Shot Blocked by Brett Ponich.
8:58 of 3rd period - Matt Delahey is hit by Alex Petrovic and loses puck.
9:43 of 3rd period - Snap shot by Stefan Noesen.
9:43 of 3rd period - Deflect By David Pope.
9:43 of 3rd period - Stopped by Andrew Hammond without a rebound.
9:44 of 3rd period - Corey Trivino wins face-off versus Dave Dziurzynski in Staline zone.
9:46 of 3rd period - Minor Penalty to Corey Trivino for Hooking.
9:47 of 3rd period - Maxime Sauvé wins face-off versus Peter Holland in Staline zone.
10:27 of 3rd period - Off-side.
10:28 of 3rd period - Marek Zagrapan wins face-off versus Tomas Hertl in neutral zone.
11:21 of 3rd period - Wrist shot by Stefan Noesen.
11:21 of 3rd period - Stopped by Andrew Hammond without a rebound.
11:22 of 3rd period - Maxime Sauvé wins face-off versus Peter Holland in Staline zone.
11:46 of 3rd period - Penalty to Corey Trivino is over, Corey Trivino is back on ice.
13:08 of 3rd period - Slapshot by Philip Larsen.
13:08 of 3rd period - Deflect By Tomas Hertl.
13:08 of 3rd period - Stopped by Dustin Tokarski without a rebound.
13:09 of 3rd period - Peter Holland wins face-off versus Alexander Wennberg in Gangsters zone.
13:38 of 3rd period - Snap shot by David Pope.
13:38 of 3rd period - Shot Blocked by Philip Larsen.
13:58 of 3rd period - Slapshot by Cameron Gaunce.
13:58 of 3rd period - Shot Misses the Net.
14:18 of 3rd period - Snap shot by Marek Zagrapan.
14:18 of 3rd period - Stopped by Dustin Tokarski with a rebound.
14:50 of 3rd period - Austen Brassard is hit by Sergey Tolchinsky.
15:37 of 3rd period - Alexander Wennberg is hit by Philip Larsen and loses puck.
15:56 of 3rd period - Jordan Szwarz is hit by Brett Ponich and loses puck.
16:58 of 3rd period - Sebastian Collberg is hit by Barclay Goodrow.
17:16 of 3rd period - Stefan Noesen is hit by Andrey Pedan and loses puck.
17:21 of 3rd period - Slapshot by Jordan Szwarz.
17:21 of 3rd period - Shot Blocked by Matt Delahey.
18:03 of 3rd period - Snap shot by Peter Holland.
18:03 of 3rd period - Shot Misses the Net.
18:21 of 3rd period - Jonas Brodin is hit by Alex Petrovic and loses puck.
18:36 of 3rd period - Marek Zagrapan is hit by Phillip Danault and loses puck.
18:43 of 3rd period - Jonas Brodin is hit by Jiri Sekac and loses puck.
18:56 of 3rd period - David Pope is hit by Andrey Pedan and loses puck.
19:23 of 3rd period - Wrist shot by Jason Akeson.
19:23 of 3rd period - Stopped by Dustin Tokarski with a rebound.
Goals for this period are 0 for Staline vs 2 for Gangsters.
Shots for this period are 9 for Staline vs 14 for Gangsters.
Back to the Top